 Dungeon Sprint DCSS version 0.28-a0-1629-gf728b707aa (webtiles) character file.

Game seed: 3813930162831754481

15011 xpp the Archer (level 12, -1/154 HPs)
             Began as a Gnoll Warper on Jan 25, 2022.
             Was an Initiate of Yredelemnul.
             Killed from afar by a wendigo (4 damage)
             ... with a stunning burst
             ... while paralysed by a wendigo
             ... in the Dungeon (Sprint V: "Ziggurat Sprint").
             The game lasted 00:48:44 (1644 turns).

xpp the Archer (Gnoll Warper)                       Turns: 1644, Time: 00:48:46

Health: -1/154     AC: 30    Str: 22    XL:     12   Next: 22%
Magic:  28/28      EV:  2    Int: 15    God:    Yredelemnul [......]
Gold:   0          SH:  0    Dex: 19    Spells: 21/36 levels left

rFire   + + +      SeeInvis +   F - +9 sword of Zonguldrok {reap}
rCold   + + +      Faith    .   I - +3 kite shield
rNeg    + . .      Spirit   .   y - +5 gold dragon scales
rPois   +          Reflect  .   J - +2 helmet {SInv}
rElec   +          Harm     .   (no cloak)
rCorr   +          Rampage  +   (no gloves)
Will    .....      NoTele   +   D - +2 pair of boots {rampage}
Stlth   ..........              O - amulet of Xom's Indignation {Acrobat rC+ Int+3}
HPRegen 0.35/turn               N - ring of Reimbursement {rPois rF++ rN+ Str+3 Stlth+}
MPRegen 0.21/turn               K - ring of the Lily {rF+ Str+4 Dex+6}

@: paralysed, berserking, resistant, petrifying, studying 2 skills
A: fangs 1, strong nose, distributed training
a: Renounce Religion, Recall Undead Harvest


You were in the Dungeon.
You worshipped Yredelemnul.
Yredelemnul was pleased with you.
You visited 1 branch

Inventory:

Hand Weapons
 a - a +5 hand crossbow of freezing
 r - the +8 arc blade {discharge, rElec}
   (You found it in the Dungeon)

   It occasionally unleashes powerful arcs of lightning upon striking a foe.
   These may arc to other adjacent creatures (including the wielder, but dealing
   reduced damage to them) before grounding out.
   rElec:     It insulates you from electricity.
 w - the +6 Majin-Bo {vamp, MP+6 Int+6}
   (You found it in the Dungeon)

   It occasionally heals its wielder for a portion of the damage dealt when they
   wound a living foe with it or with a spell.
   Its wielder's spells cost health as well as magical power.
   Int:       It affects your intelligence (+6).
   MP:        It affects your magic capacity (+6).
 x - the +14 obsidian axe {vorpal, Mesm Drain Fly SInv}
   (You found it in the Dungeon)

   It inflicts extra damage upon your enemies.
   It occasionally summons demons to assist the wielder when it strikes in
   combat.
   Its wielder is mesmerised by any visible foes.
   It cannot be unequipped while any foes are visible.
   SInv:      It lets you see invisible.
   Fly:       It grants you flight.
   Drain:     It drains your maximum health when unequipped.
 E - the +6 shillelagh "Devastator" {shatter}
   (You found it in the Dungeon)

   It releases a powerful concussive burst when it strikes, dealing extra damage
   to the target and all other foes adjacent to them.
 F - the +9 sword of Zonguldrok (weapon) {reap}
   (You found it in the Dungeon)

   Any living foe damaged by it may be reanimated upon death as a zombie
   friendly to the wielder, with an increasing chance as more damage is dealt.
 G - a +5 demon blade of protection
 Q - the +3 Elemental Staff {rElec rF++ rC++ AC+5}
   (You found it in the Dungeon)

   If the wielder is skilled in Evocations, they can discharge powerful blasts
   of elemental energy when striking with it.
   It enhances your fire, ice, earth and air magic.
   AC:        It affects your AC (+5).
   rF:        It greatly protects you from fire.
   rC:        It greatly protects you from cold.
   rElec:     It insulates you from electricity.
Missiles
 d - 4 boomerangs of dispersal (quivered)
 H - 1076 bolts
Armour
 b - a +2 buckler of reflection
 m - a +1 robe of willpower
 y - +5 gold dragon scales (worn)
 D - a +2 pair of boots of rampaging (worn)
 I - a +3 kite shield (worn)
 J - a +2 helmet of see invisible (worn)
Jewellery
 k - the amulet of Macvo {Rampage Regen+ Str+2}
   (You found it in the Dungeon)

   [amulet of regeneration]

   Str:       It affects your strength (+2).
   Regen:     It increases your rate of health regeneration.
   Rampage:   It bestows one free step when moving towards enemies.
 K - the ring of the Lily (right hand) {rF+ Str+4 Dex+6}
   (You found it in the Dungeon)

   [ring of dexterity]

   Str:       It affects your strength (+4).
   Dex:       It affects your dexterity (+6).
   rF:        It protects you from fire.
 N - the ring of Reimbursement (left hand) {rPois rF++ rN+ Str+3 Stlth+}
   (You found it in the Dungeon)

   [ring of positive energy]

   Str:       It affects your strength (+3).
   rF:        It greatly protects you from fire.
   rPois:     It protects you from poison.
   rN:        It protects you from negative energy.
   Stlth:     It makes you more stealthy.
 O - the amulet of Xom's Indignation (around neck) {Acrobat rC+ Int+3}
   (You found it in the Dungeon)

   [amulet of the acrobat]

   It increases your evasion while moving and waiting.
   Int:       It affects your intelligence (+3).
   rC:        It protects you from cold.
 P - the amulet of the Air {Inacc Air Fly rElec RMsl}
   (You found it in the Dungeon)

   [amulet of nothing]

   It reduces the accuracy of all your attacks.
   It enhances your air magic.
   rElec:     It insulates you from electricity.
   Fly:       It grants you flight.
   RMsl:      It protects you from missiles.
Wands
 A - a wand of mindburst (4)
 B - a wand of iceblast (4)
Scrolls
 c - 4 scrolls of blinking
 o - 4 scrolls of amnesia
 p - 5 scrolls of fog
 s - 2 scrolls of fear
Potions
 e - 8 potions of curing
 f - 9 potions of heal wounds
 g - 10 potions of haste
 h - 7 potions of magic
 i - 2 potions of berserk rage
 j - 2 potions of brilliance
 l - 3 potions of resistance
 n - 2 potions of might
Miscellaneous
 q - a lightning rod (4/4)
 t - a lightning rod (4/4)
 u - a lightning rod (4/4)
 v - a tin of tremorstones (2/2)
 z - a piece from Xom's chessboard (15/15)
 C - a phial of floods
 L - a phial of floods
 R - a condenser vane (inert)


   Skills:
 + Level 12.3 Fighting
 + Level 11.5 Short Blades
 + Level 12.3 Long Blades
 + Level 11.5 Axes
 + Level 11.5 Maces & Flails
 + Level 11.5 Polearms
 + Level 11.5 Staves
 + Level 11.5 Slings
 + Level 14.5 Bows
 + Level 11.5 Crossbows
 + Level 11.8 Throwing
 + Level 11.8 Armour
 + Level 12.3 Dodging
 + Level 11.5 Stealth
 + Level 11.5 Shields
 + Level 12.6 Unarmed Combat
 + Level 12.5 Spellcasting
 + Level 9.7 Conjurations
 + Level 9.7 Hexes
 + Level 9.7 Summonings
 + Level 9.7 Necromancy
 + Level 11.1 Translocations
 + Level 9.7 Transmutations
 + Level 9.7 Fire Magic
 + Level 9.7 Ice Magic
 + Level 9.7 Air Magic
 + Level 9.7 Earth Magic
 + Level 9.7 Poison Magic
 + Level 12.5 Invocations
 + Level 11.5 Evocations


You had 21 spell levels left.
You knew the following spells:

 Your Spells              Type           Power      Damage    Failure   Level
a - Teleport Other        Tloc           42%        N/A       28%         3
b - Malign Gateway        Summ/Tloc      20%        N/A       100%        7
c - Manifold Assault      Tloc           42%        N/A       95%         5

Your spell library contained the following spells:

 Spells                   Type           Power      Damage    Failure   Level
 Blink                    Tloc           84%        N/A       14%         2
 Shock                    Conj/Air       100%       1d9       17%         1
 Summon Small Mammal      Summ           100%       N/A       17%         1
 Sublimation of Blood     Necr           38%        N/A       26%         2
 Gell's Gravitas          Tloc           42%        N/A       28%         3
 Lesser Beckoning         Tloc           42%        N/A       28%         3
 Call Canine Familiar     Summ           38%        N/A       45%         3
 Summon Guardian Golem    Hex/Summ       38%        N/A       45%         3
 Petrify                  Tmut/Erth      38%        N/A       86%         4
 Summon Lightning Spire   Summ/Air       38%        N/A       86%         4
 Irradiate                Conj/Tmut      19%        3d20      99%         5
 Metabolic Englaciation   Hex/Ice        19%        N/A       99%         5
 Summon Mana Viper        Hex/Summ       38%        N/A       99%         5
 Conjure Ball Lightning   Conj/Air       19%        3x3d6     100%        6
 Statue Form              Tmut/Erth      25%        N/A       100%        6
 Storm Form               Tmut/Air       19%        N/A       100%        7
 Maxwell's Capacitive Co  Air            19%        ∞         100%        8


Dungeon Overview and Level Annotations

Branches:
Dungeon (1/1)

Altars:
Ashenzari
Cheibriados
Dithmenos
Elyvilon
Fedhas
Gozag
Hepliaklqana
Kikubaaqudgha
Makhleb
Nemelex Xobeh
Okawaru
Qazlal
Ru
Sif Muna
Trog
Uskayaw
Vehumet
Wu Jian
Xom
Yredelemnul
Zin
The Shining One
Beogh
Jiyva
Lugonu


Innate Abilities, Weirdness & Mutations

You have very sharp teeth.
Your uncanny sense of smell can sniff out nearby items.
Your experience applies equally to all skills.


Message History

The tormentor hits you but does no damage. x2
The wendigo claws you but does no damage.
The wendigo bites you but does no damage.
The giant cockroach simulacrum bites you but does no damage.
The tormentor hits you but does no damage. x2
The wendigo claws you but does no damage.
The wendigo bites you but does no damage.
The tormentor hits you but does no damage. x2
The wendigo claws you!
* * * LOW HITPOINT WARNING * * *
The wendigo freezes you. You resist.
* * * LOW HITPOINT WARNING * * *
The wendigo bites you.
* * * LOW HITPOINT WARNING * * *
The giant cockroach simulacrum bites you but does no damage.
The tormentor grins evilly.
The tormentor hits you but does no damage.
The tormentor hits you.
The wendigo claws you but does no damage.
The wendigo bites you but does no damage.
You turn to flesh and can move again.
Okay, then.
Blink to where?
Press: ? - help, Dir - move target You can't see that place. [the floor.]
Okay, then.
A red film seems to cover your vision as you go berserk!
You feel yourself moving faster!
You feel mighty! You block the wendigo's attack.
The wendigo bites you but does no damage.
You are slowing down.
The tormentor grins malevolently.
The tormentor hits you but does no damage.
You block the tormentor's attack.
The tormentor grins evilly.
The wendigo fires a burst of electricity at you.
The stunning burst hits you! You resist.
You suddenly lose the ability to move!
You die...
Your body rises from the dead as a mindless zombie.

∆∆ ▓▓▓▓▓▓▓▓▓▓▓
▓...|}[})...▓...8©8...▓
▓....○.○....▓...|[....▓
▓...92......▓.........▓
∆
....RZZ....▓.........▓
∆∆ ...§.....
▓....)....▓ ▓Z2ZZ§▓
▓...))....▓ ▓▓J9R▓▓
▓....))...▓
▓..▓§2@R.▓..▓.▓..)).▓.▓
▓...§§§§....▓....©....▓
▓▓▓▓▓▓▓▓▓▓▓▓▓▓▓▓▓▓▓▓▓▓▓
▓...8©8...▓.Z.8©8...▓..
▓..=)))[[.▓..).|[...▓..
▓..|..)...▓..:)))|..▓..
▓.........▓.........▓..
▓.........▓.........▓..
▓.........▓....Z....▓..


You could see 2 wendigos, an azure jelly, a nargun, 2 tormentors, a bat
simulacrum, a quokka simulacrum and a giant cockroach simulacrum.

Vanquished Creatures
  A vault warden (D)
  An ironbound preserver (D)
  2 yaktaur captains (D)
  A hydra (D)
  A spriggan air mage (D)
  A death yak (D)
  A spriggan druid (D)
  5 draconians (D)
  A torpor snail (D)
  2 cane toads (D)
  A yaktaur (D)
  A rime drake (D)
  3 komodo dragons (D)
  A guardian mummy (D)
  2 tarantellas (D)
  A blink frog (D)
  A dream sheep (D)
  3 yaks (D)
  An ushabti (D)
  A basilisk (D)
  A cane toad zombie (D)
  3 water moccasins (D)
  3 black bears (D)
  A necrophage (D)
  2 wolves (D)
  A torpor snail zombie (D)
  2 phantoms (D)
  A bullfrog (D)
  2 scorpions (D)
  A water moccasin zombie (D)
  A wight (D)
  2 jellies (D)
  A black bear zombie (D)
  An orc priest (D)
  2 orc wizards (D)
  A mummy (D)
  An adder zombie (D)
  3 orcs (D)
  An endoplasm (D)
  2 jackals (D)
  A ball python zombie (D)
64 creatures vanquished.

Vanquished Creatures (collateral kills)
  An ironbound preserver (D)
  A black draconian (D)
  A komodo dragon (D)
  A yaktaur (D)
  A blink frog (D)
  A jumping spider (D)
  3 ushabtiu (D)
  A yak (D)
  A bullfrog (D)
  A jelly (D)
  An orc priest (D)
13 creatures vanquished.

Vanquished Creatures (others)
  An ironbound convoker (D)
  A human zombie (D)
  A komodo dragon zombie (D)
  A draconian zombie (D)
  A yaktaur zombie (D)
  A basilisk zombie (D)
  A necrophage zombie (D)
  2 spectral jellies (D)
  An orc zombie (D)
  A bat simulacrum (D)
  2 giant cockroach simulacra (D)
13 creatures vanquished.

Grand Total: 90 creatures vanquished

Notes
Turn   | Place    | Note
-------+----------+-------------------------------------------
     0 | D        | xpp the Gnoll Warper began the quest for the Orb.
     0 | D        | Reached XP level 1. HP: 20/20 MP: 6/6
     0 | D        | Found a shimmering blue altar of Sif Muna.
     0 | D        | Found a sacrificial altar of Ru.
     0 | D        | Found a bloodstained altar of Trog.
     0 | D        | Found a stormy altar of Qazlal.
     0 | D        | Found an iron altar of Okawaru.
     0 | D        | Found a sparkling altar of Nemelex Xobeh.
     0 | D        | Found a blossoming altar of Fedhas.
     0 | D        | Found the +6 Majin-Bo {vamp, MP+6 Int+6}
     0 | D        | Found the +9 heavy crossbow "Sniper" {vorpal, Acc+∞ SInv}
     0 | D        | Found the +10 dark maul {vorpal}
     0 | D        | Found the +15 Maxwell's patent armour {-Cast -Tele rElec
                  | Will+ rCorr}
     0 | D        | Found the +18 shield of the Gong {rElec rN+ Will+ EV-5}
     0 | D        | Found the +14 obsidian axe {vorpal, Mesm Drain Fly SInv}
     0 | D        | Found the +7 great mace "Firestarter" {inner flame, rF++}
     0 | D        | Found the +6 shillelagh "Devastator" {shatter}
     0 | D        | Found the +11 plutonium sword {Contam Stlth-}
     0 | D        | Found the +8 lance "Wyrmbane" {slay drac, rPois rF+ rC+
                  | AC+3}
     0 | D        | Found the +9 sword of Zonguldrok {reap}
     0 | D        | Found the +13 scythe of Curses {drain, Drain}
     0 | D        | Found the +5 sword of Power {vorpal}
     0 | D        | Found the +7 mace of Variability {chain chaos}
     0 | D        | Found the +7 Singing Sword {vorpal, sonic wave}
     0 | D        | Found the +8 storm bow {elec, penet}
     2 | D        | Found a transporter.
     2 | D        | Found an ancient bone altar of Kikubaaqudgha.
     2 | D        | Found a viscous altar of Jiyva.
     2 | D        | Found a corrupted altar of Lugonu.
     2 | D        | Found a hazy altar of Hepliaklqana.
     2 | D        | Found a burning altar of Makhleb.
     2 | D        | Found an opulent altar of Gozag.
   112 | D        | Became a worshipper of Yredelemnul the Dark
   122 | D        | Reached skill level 5 in Fighting
   122 | D        | Reached skill level 5 in Long Blades
   122 | D        | Reached skill level 2 in Bows
   122 | D        | Reached skill level 5 in Dodging
   122 | D        | Reached skill level 5 in Spellcasting
   122 | D        | Reached skill level 1 in Conjurations
   122 | D        | Reached skill level 1 in Hexes
   122 | D        | Reached skill level 1 in Summonings
   122 | D        | Reached skill level 1 in Necromancy
   122 | D        | Reached skill level 1 in Transmutations
   122 | D        | Reached skill level 1 in Fire Magic
   122 | D        | Reached skill level 1 in Ice Magic
   122 | D        | Reached skill level 1 in Air Magic
   122 | D        | Reached skill level 1 in Earth Magic
   122 | D        | Reached skill level 1 in Poison Magic
   122 | D        | Reached XP level 2. HP: 27/27 MP: 6/8
   143 | D        | Entered arena 2.
   143 | D        | Found a transporter.
   187 | D        | Entered arena 3.
   187 | D        | Noticed a black bear
   187 | D        | Noticed a wolf
   187 | D        | Noticed a black bear
   187 | D        | Found a transporter.
   190 | D        | Killed a black bear
   190 | D        | Killed a wolf
   190 | D        | Killed a black bear
   191 | D        | Reached skill level 4 in Bows
   191 | D        | Reached skill level 5 in Throwing
   191 | D        | Reached skill level 5 in Armour
   191 | D        | Reached skill level 5 in Invocations
   191 | D        | Reached XP level 3. HP: 35/35 MP: 9/11
   191 | D        | Reached XP level 4. HP: 41/41 MP: 9/12
   191 | D        | Reached XP level 5. HP: 47/47 MP: 10/14
   191 | D        | Reached XP level 6. HP: 53/53 MP: 10/15
   197 | D        | Got the Handbook of Feathery Creation
   246 | D        | Entered arena 4.
   246 | D        | Found the +8 arc blade {discharge, rElec}
   246 | D        | Noticed a necrophage
   246 | D        | Found a transporter.
   257 | D        | Killed a necrophage
   258 | D        | Reached skill level 5 in Short Blades
   258 | D        | Reached skill level 5 in Axes
   258 | D        | Reached skill level 5 in Maces & Flails
   258 | D        | Reached skill level 5 in Polearms
   258 | D        | Reached skill level 5 in Staves
   258 | D        | Reached skill level 5 in Slings
   258 | D        | Reached skill level 5 in Bows
   258 | D        | Reached skill level 5 in Crossbows
   258 | D        | Reached skill level 5 in Stealth
   258 | D        | Reached skill level 5 in Shields
   258 | D        | Reached skill level 5 in Unarmed Combat
   258 | D        | Reached skill level 5 in Evocations
   258 | D        | Reached XP level 7. HP: 45/60 MP: 17/17
   396 | D        | Entered arena 5.
   396 | D        | Found a transporter.
   398 | D        | Reached * piety under Yredelemnul
   421 | D        | Entered arena 6.
   421 | D        | Noticed a tarantella
   421 | D        | Noticed a tarantella
   421 | D        | Noticed a jumping spider
   421 | D        | Found a transporter.
   427 | D        | Killed a tarantella
   427 | D        | Reached ** piety under Yredelemnul
   428 | D        | Reached skill level 6 in Bows
   428 | D        | Reached skill level 5 in Conjurations
   428 | D        | Reached skill level 5 in Hexes
   428 | D        | Reached skill level 5 in Summonings
   428 | D        | Reached skill level 5 in Necromancy
   428 | D        | Reached skill level 5 in Transmutations
   428 | D        | Reached skill level 5 in Fire Magic
   428 | D        | Reached skill level 5 in Ice Magic
   428 | D        | Reached skill level 5 in Air Magic
   428 | D        | Reached skill level 5 in Earth Magic
   428 | D        | Reached skill level 5 in Poison Magic
   428 | D        | Reached XP level 8. HP: 48/68 MP: 20/20
   436 | D        | Killed a jumping spider
   438 | D        | Killed a tarantella
   587 | D        | Got the amulet of Muedack {Spirit Will+ SInv}
   610 | D        | Entered arena 7.
   610 | D        | Noticed a guardian mummy
   610 | D        | Noticed an ushabti
   610 | D        | Noticed an ushabti
   610 | D        | Noticed an ushabti
   610 | D        | Noticed an ushabti
   614 | D        | Found a transporter.
   614 | D        | Killed an ushabti
   615 | D        | Reached skill level 7 in Bows
   615 | D        | Killed an ushabti
   617 | D        | Killed an ushabti
   618 | D        | Reached XP level 9. HP: 75/75 MP: 21/21
   619 | D        | Killed a guardian mummy
   620 | D        | Reached skill level 8 in Bows
   629 | D        | Got the ring of Reimbursement {rPois rF++ rN+ Str+3 Stlth+}
   665 | D        | Entered arena 8.
   665 | D        | Noticed a black draconian
   665 | D        | Noticed a draconian
   665 | D        | Noticed a draconian
   665 | D        | Noticed a draconian
   665 | D        | Noticed a draconian
   665 | D        | Noticed a draconian
   667 | D        | Found a transporter.
   676 | D        | Killed a draconian
   689 | D        | Killed a draconian
   690 | D        | Reached skill level 9 in Bows
   694 | D        | Killed a black draconian
   695 | D        | Reached XP level 10. HP: 56/84 MP: 7/23
   696 | D        | Killed a draconian
   697 | D        | Reached skill level 10 in Bows
   697 | D        | Reached skill level 10 in Spellcasting
   699 | D        | Killed a draconian
   700 | D        | Reached skill level 10 in Fighting
   700 | D        | Reached skill level 10 in Long Blades
   700 | D        | Reached skill level 10 in Dodging
   704 | D        | Killed a draconian
   713 | D        | Got the ring of Ulexzant {Int+3 SInv}
   716 | D        | Got the ring of the Water Diviner {Drain rElec rF++ Will+
                  | Int+6}
   718 | D        | Got the amulet of Xom's Indignation {Acrobat rC+ Int+3}
  1015 | D        | Entered arena 9.
  1015 | D        | Found the +3 Elemental Staff {rElec rF++ rC++ AC+5}
  1015 | D        | Found the amulet of the Air {Inacc Air Fly rElec RMsl}
  1016 | D        | Found a transporter.
  1081 | D        | Entered arena 10.
  1081 | D        | Noticed a yaktaur captain
  1081 | D        | Noticed an ironbound convoker
  1081 | D        | Noticed a yaktaur captain
  1081 | D        | Noticed an ironbound preserver
  1081 | D        | Noticed a vault warden
  1081 | D        | Noticed an ironbound preserver
  1084 | D        | Found a transporter.
  1086 | D        | Reached skill level 11 in Bows
  1086 | D        | Reached skill level 10 in Invocations
  1089 | D        | Killed an ironbound convoker
  1092 | D        | Killed a vault warden
  1092 | D        | Reached *** piety under Yredelemnul
  1095 | D        | Killed an ironbound preserver
  1095 | D        | Reached **** piety under Yredelemnul
  1096 | D        | Reached skill level 10 in Throwing
  1096 | D        | Reached skill level 10 in Armour
  1096 | D        | Reached XP level 11. HP: 30/92 MP: 23/25
  1105 | D        | Killed a yaktaur captain
  1106 | D        | Reached skill level 12 in Bows
  1106 | D        | Reached skill level 10 in Translocations
  1108 | D        | Killed a yaktaur captain
  1108 | D        | Killed an ironbound preserver
  1109 | D        | Reached skill level 10 in Short Blades
  1109 | D        | Reached skill level 10 in Axes
  1109 | D        | Reached skill level 10 in Maces & Flails
  1109 | D        | Reached skill level 10 in Polearms
  1109 | D        | Reached skill level 10 in Staves
  1109 | D        | Reached skill level 10 in Slings
  1109 | D        | Reached skill level 10 in Crossbows
  1109 | D        | Reached skill level 10 in Stealth
  1109 | D        | Reached skill level 10 in Shields
  1109 | D        | Reached skill level 10 in Unarmed Combat
  1109 | D        | Reached skill level 10 in Evocations
  1130 | D        | Got the amulet of Macvo {Rampage Regen+ Str+2}
  1135 | D        | Got Sif Muna's Tome of Translocation
  1284 | D        | Entered arena 11.
  1285 | D        | Found a transporter.
  1289 | D        | Reached ***** piety under Yredelemnul
  1290 | D        | Reached skill level 13 in Bows
  1370 | D        | Entered arena 12.
  1372 | D        | Noticed a spriggan druid
  1383 | D        | Killed a spriggan druid
  1385 | D        | Found a transporter.
  1481 | D        | Learned a level 3 spell: Teleport Other
  1489 | D        | Learned a level 7 spell: Malign Gateway
  1495 | D        | Learned a level 5 spell: Manifold Assault
  1495 | D        | Entered arena 13.
  1495 | D        | Noticed a six-headed hydra
  1495 | D        | Noticed a spriggan air mage
  1495 | D        | Noticed a death yak
  1501 | D        | Killed a spriggan air mage
  1501 | D        | Killed a six-headed hydra
  1502 | D        | Reached skill level 14 in Bows
  1502 | D        | Reached XP level 12. HP: 75/102 MP: 28/28
  1503 | D        | Killed a death yak
  1601 | D        | Found a transporter.
  1616 | D        | Got the ring of the Lily {rF+ Str+4 Dex+6}
  1631 | D        | Entered arena 14.
  1632 | D        | Noticed a wendigo
  1632 | D        | Noticed an azure jelly
  1632 | D        | Noticed a wendigo
  1633 | D        | Noticed a nargun
  1643 | D        | HP: 4/103 [wendigo (3)]
  1644 | D        | Paralysed by a wendigo for 1 turns
  1644 | D        | Killed from afar by a wendigo

Illustrated notes

Levels and vault maps discovered:
D:        sprint_v [room_start, room_1, room_2, room_3, room_4, room_5, room_6,
          room_7, room_8, room_9, room_10, room_11, room_12, room_13, room_14,
          room_15, room_16, room_17, room_18, room_19, room_20, room_21,
          room_22, room_23, room_24, room_25, room_26, room_27]

Skill      XL: |  1  2  3  4  5  6  7  8  9 10 11 12 |
---------------+-------------------------------------+-----
Fighting       | 5 6 7 8 9 10 12 | 12.3
Short Blades   | 2 4 5 6 7 8 9 11 | 11.5
Long Blades    | 5 6 7 8 9 10 12 | 12.3
Axes           | 2 4 5 6 7 8 9 11 | 11.5
Maces & Flails | 2 4 5 6 7 8 9 11 | 11.5
Polearms       | 2 4 5 6 7 8 9 11 | 11.5
Staves         | 2 4 5 6 7 8 9 11 | 11.5
Slings         | 2 4 5 6 7 8 9 11 | 11.5
Bows           | 2 4 5 6 7 9 11 14 | 14.5
Crossbows      | 2 4 5 6 7 8 9 11 | 11.5
Throwing       | 3 5 6 7 8 10 11 | 11.8
Armour         | 3 5 6 7 8 10 11 | 11.8
Dodging        | 5 6 7 8 9 10 12 | 12.3
Stealth        | 2 4 5 6 7 8 9 11 | 11.5
Shields        | 2 4 5 6 7 8 9 11 | 11.5
Unarmed Combat | 2 4 5 6 7 8 9 12 | 12.6
Spellcasting   | 5 6 7 8 9 10 12 | 12.5
Conjurations   | 1 3 4 5 6 7 8 9 |  9.7
Hexes          | 1 3 4 5 6 7 8 9 |  9.7
Summonings     | 1 3 4 5 6 7 8 9 |  9.7
Necromancy     | 1 3 4 5 6 7 8 9 |  9.7
Transmutations | 1 3 4 5 6 7 8 9 |  9.7
Fire Magic     | 1 3 4 5 6 7 8 9 |  9.7
Ice Magic      | 1 3 4 5 6 7 8 9 |  9.7
Air Magic      | 1 3 4 5 6 7 8 9 |  9.7
Earth Magic    | 1 3 4 5 6 7 8 9 |  9.7
Poison Magic   | 1 3 4 5 6 7 8 9 |  9.7
Invocations    | 2 5 6 7 9 10 12 | 12.5
Evocations     | 2 4 5 6 7 8 9 11 | 11.5
Translocations | 6 7 8 9 10 11 | 11.1

Action                   |  1- 3 |  4- 6 |  7- 9 | 10-12 || total
-------------------------+-------+-------+-------+-------++-------
Melee: Demon blade       |     3 |     2 |    35 |    30 ||    70
       Bite              |       |       |     1 |     6 ||     7
       Double sword      |       |       |       |    12 ||    12
Throw: Boomerang         |       |     1 |       |       ||     1
Invok: Dark Bargain      |       |       |     1 |     1 ||     2
Evoke: Wand              |     3 |     3 |     6 |     1 ||    13
       Lightning rod     |       |       |    10 |    17 ||    27
       Condenser vane    |       |       |       |     2 ||     2
       Phial of floods   |       |       |       |     1 ||     1
  Use: Potion            |     1 |     1 |     3 |    10 ||    15
       Scroll            |       |     1 |     1 |     3 ||     5
 Stab: Sleeping          |     1 |       |       |       ||     1
       Invisible         |       |       |     3 |     6 ||     9
Armor: Robe              |       |       |     6 |       ||     6
       Gold dragon scale |       |       |    15 |    74 ||    89
Dodge: Dodged            |       |     2 |    27 |     7 ||    36
Block: Buckler           |       |     3 |    26 |     4 ||    33
       Kite shield       |       |       |       |    36 ||    36

Table legend: (Time is in decaauts)
 A = Elapsed time spent in this place.
 B = Non-inter-level travel time spent in this place.
 C = Inter-level travel time spent in this place.
 D = Time resting spent in this place.
 E = Time spent auto-exploring this place.
 F = Levels seen in this place.
 G = Mean time per level.
                   A        B        C        D        E       F      G
               +--------+--------+--------+--------+--------+-----+--------+
         Total |   1635 |   1635 |      0 |    950 |      0 |   1 | 1635.0 |
       Dungeon |   1635 |   1635 |      0 |    950 |      0 |   1 | 1635.0 |
               +--------+--------+--------+--------+--------+-----+--------+

Top non-repeatable levels by time:
       D: 1635 daAuts
